BSA
JERSEY SHORE D-BAGS @ SAN FRANCISCO BANDITS
07/28/2027
 
TOP OF THE 1ST
Jersey Shore D-Bags batting - Pitching for San Francisco Bandits : RHP Bob Cunningham
Pitching: RHP Bob Cunningham
Batting: RHB Ricardo González 0-0: Called Strike
0-1: Ball
1-1: Ground out 6-3 (Groundball, 6)
Batting: RHB Millard Boyd 0-0: Called Strike
0-1: Ground out 4-3 (Groundball, 6M)
Batting: LHB Dave Dodd 0-0: Foul Ball, location: 2F
0-1: Ball
1-1: SOLO HOME RUN (Flyball, 89XD), Distance : 458 ft
Batting: RHB Miguel Serna 0-0: Ball
1-0: Called Strike
1-1: Ball
2-1: Fly out, F9 (Flyball, 9)
Top of the 1st over - 1 run(s), 1 hit(s), 0 error(s), 0 left on base; Jersey Shore 1 - San Francisco 0
BOTTOM OF THE 1ST
San Francisco Bandits batting - Pitching for Jersey Shore D-Bags : RHP José Ramos
Pitching: RHP José Ramos
Batting: RHB Javier Ramírez 0-0: Called Strike
0-1: Foul Ball, location: 2F
0-2: Strikes out swinging
Batting: LHB Jerry Bryan 0-0: Ball
1-0: Ball
2-0: Ball
3-0: Called Strike
3-1: Swinging Strike
3-2: Strikes out swinging
Batting: RHB Cory Foster 0-0: Ball
1-0: Ball
2-0: Ball
3-0: Called Strike
3-1: Ground out 5-3 (Groundball, 56)
Bottom of the 1st over - 0 run(s), 0 hit(s), 0 error(s), 0 left on base; Jersey Shore 1 - San Francisco 0
TOP OF THE 2ND
Jersey Shore D-Bags batting - Pitching for San Francisco Bandits : RHP Bob Cunningham
Batting: RHB Alfredo Rivera 0-0: Ball
1-0: Called Strike
1-1: Ball
2-1: DOUBLE (Line Drive, 78D)
Batting: RHB Luis Ríos 0-0: Ball
1-0: Ball
2-0: Ball
3-0: Base on Balls
Batting: LHB Robert Phillips 0-0: Ball
1-0: Swinging Strike
1-1: Ball
2-1: Swinging Strike
2-2: Foul Ball, location: 2F
2-2: Foul Ball, location: 2F
2-2: Ball
3-2: Foul Ball, location: 2F
3-2: Foul Ball, location: 2F
3-2: Grounds into double play, 6-4-3 (Groundball, 6D)
Alfredo Rivera to third
Batting: LHB Ed Murray 0-0: Foul Ball, location: 2F
0-1: Foul Ball, location: 2F
0-2: Ball
1-2: Ball
2-2: SINGLE (Groundball, 4MD)
Alfredo Rivera scores
Batting: RHB Cy Keynes 0-0: Called Strike
0-1: Called Strike
0-2: Ball
1-2: SINGLE (Groundball, 34D)
Ed Murray to second
Runner from 2nd tries for 3rd, SAFE, no throw
Pinch Runner at 3rd Albert Morgan:
Batting: RHB Ricardo González 0-0: Called Strike
0-1: Ball
1-1: Foul Ball, location: 2F
1-2: Ball
2-2: Foul Ball, location: 2F
2-2: Ball
3-2: Ground out 4-3 (Groundball, 4)
Top of the 2nd over - 1 run(s), 3 hit(s), 0 error(s), 2 left on base; Jersey Shore 2 - San Francisco 0
BOTTOM OF THE 2ND
San Francisco Bandits batting - Pitching for Jersey Shore D-Bags : RHP José Ramos
Now in RF: Albert Morgan
Batting: RHB Naomichi Aoki 0-0: SINGLE (Groundball, 6MD)
Batting: LHB Jack Hewat 0-0: Called Strike
0-1: Reached on error, E5 (Groundball, 56)
Naomichi Aoki to second
Batting: LHB Mel Jones 0-0: Ball
1-0: Ball
2-0: Ball
3-0: Called Strike
3-1: DOUBLE (Line Drive, 78D)
Naomichi Aoki scores
Jack Hewat to third
Batting: RHB Gustavo Ortíz 0-0: Fly out, F4 (Popup, 4)
Batting: RHB José Sánchez 0-0: Ball
1-0: Called Strike
1-1: Ball
2-1: Ball
3-1: Base on Balls
Batting: RHB Ángel Hernández 0-0: Foul Ball, location: 2F
0-1: Ball
1-1: Fly out, F9 (Flyball, 9LSF)
Runner from 3rd tags up, SCORES, no throw
Batting: RHB Javier Ramírez 0-0: Called Strike
0-1: Fly out, F5 (Line Drive, 56)
Bottom of the 2nd over - 2 run(s), 2 hit(s), 1 error(s), 2 left on base; Jersey Shore 2 - San Francisco 2
TOP OF THE 3RD
Jersey Shore D-Bags batting - Pitching for San Francisco Bandits : RHP Bob Cunningham
Batting: RHB Millard Boyd 0-0: Ball
1-0: Ball
2-0: Foul Ball, location: 2F
2-1: SINGLE (Line Drive, 8LS)
Batting: LHB Dave Dodd 0-0: Called Strike
0-1: Ball
1-1: Called Strike
1-2: Ball
2-2: 2-RUN HOME RUN (Line Drive, 78XD), Distance : 369 ft
Batting: RHB Miguel Serna 0-0: Called Strike
0-1: SINGLE (Groundball, 13S) (infield hit)
Batting: RHB Alfredo Rivera 0-0: Ball
1-0: Swinging Strike
1-1: Ball
2-1: Foul Ball, location: 2F
2-2: Strikes out swinging
Batting: RHB Luis Ríos 0-0: Ball
1-0: Called Strike
1-1: Foul Ball, location: 2F
1-2: Ball
Miguel Serna steals 2nd base
2-2: DOUBLE (Line Drive, 7)
Miguel Serna scores
Batting: LHB Robert Phillips 0-0: Ball
1-0: Ball
2-0: Called Strike
2-1: Swinging Strike
2-2: Strikes out swinging
Batting: LHB Albert Morgan 0-0: Called Strike
0-1: Foul Ball, location: 2F
0-2: Ground out 4-3 (Groundball, 4)
Top of the 3rd over - 3 run(s), 4 hit(s), 0 error(s), 1 left on base; Jersey Shore 5 - San Francisco 2
BOTTOM OF THE 3RD
San Francisco Bandits batting - Pitching for Jersey Shore D-Bags : RHP José Ramos
Batting: LHB Jerry Bryan 0-0: Foul Ball, location: 2F
0-1: Single, Error in OF, E9, batter to second base
Batting: RHB Cory Foster 0-0: Foul Ball, location: 2F
0-1: Called Strike
0-2: Foul Ball, location: 2F
0-2: Ball
1-2: Ground out 6-3 (Groundball, 6)
Batting: RHB Naomichi Aoki 0-0: Ball
1-0: Ball
2-0: SINGLE (Groundball, 56D)
Jerry Bryan to third
Batting: LHB Jack Hewat 0-0: Swinging Strike
0-1: Ball
1-1: Foul Ball, location: 2F
1-2: Strikes out looking
Batting: LHB Mel Jones 0-0: Ball
1-0: Foul Ball, location: 2F
1-1: Foul Ball, location: 2F
1-2: Strikes out looking
Bottom of the 3rd over - 0 run(s), 2 hit(s), 1 error(s), 2 left on base; Jersey Shore 5 - San Francisco 2
TOP OF THE 4TH
Jersey Shore D-Bags batting - Pitching for San Francisco Bandits : RHP Bob Cunningham
Batting: RHB Cy Keynes 0-0: Ball
1-0: Foul Ball, location: 2F
1-1: Foul Ball, location: 2F
1-2: Ball
2-2: Foul Ball, location: 2F
2-2: Ground out U3 (Groundball, 34)
Batting: RHB Ricardo González 0-0: Ball
1-0: SOLO HOME RUN (Flyball, 8LXD), Distance : 431 ft
Batting: RHB Millard Boyd 0-0: Called Strike
0-1: Ball
1-1: Swinging Strike
1-2: Ball
2-2: Foul Ball, location: 2F
2-2: Strikes out swinging
Batting: LHB Dave Dodd 0-0: Ball
1-0: Ball
2-0: Ball
3-0: Base on Balls
Batting: RHB Miguel Serna 0-0: Foul Ball, location: 2F
0-1: Ball
1-1: Fly out, F9 (Flyball, 89M)
Top of the 4th over - 1 run(s), 1 hit(s), 0 error(s), 1 left on base; Jersey Shore 6 - San Francisco 2
BOTTOM OF THE 4TH
San Francisco Bandits batting - Pitching for Jersey Shore D-Bags : RHP José Ramos
Batting: RHB Gustavo Ortíz 0-0: Ball
1-0: Called Strike
1-1: Ground out 4-3 (Groundball, 4)
Batting: RHB José Sánchez 0-0: Ball
1-0: Ball
2-0: Called Strike
2-1: SINGLE (Groundball, 5) (infield hit)
Batting: RHB Ángel Hernández 0-0: Called Strike
0-1: Called Strike
0-2: Foul Ball, location: 2F
0-2: Grounds into double play, 5-4-3 (Groundball, 5L)
Bottom of the 4th over - 0 run(s), 1 hit(s), 0 error(s), 0 left on base; Jersey Shore 6 - San Francisco 2
TOP OF THE 5TH
Jersey Shore D-Bags batting - Pitching for San Francisco Bandits : RHP Bob Cunningham
Pitching: RHP Alfonso Martínez
Batting: RHB Alfredo Rivera 0-0: Called Strike
0-1: Ball
1-1: Foul Ball, location: 2F
1-2: Foul Ball, location: 2F
1-2: Fly out, F2 (Popup, 15S)
Batting: RHB Luis Ríos 0-0: Ball
1-0: Ball
2-0: Ball
3-0: Base on Balls
Batting: LHB Robert Phillips 0-0: Called Strike
0-1: Fly out, F7 (Flyball, 7)
Batting: LHB Albert Morgan 0-0: Ball
1-0: Ball
2-0: Ball
3-0: Called Strike
3-1: Called Strike
3-2: Foul Ball, location: 2F
3-2: Foul Ball, location: 2F
3-2: SINGLE (Line Drive, 89S)
Luis Ríos to second
Luis Ríos to third
Batting: RHB Cy Keynes 0-0: Ball
1-0: Called Strike
1-1: Foul Ball, location: 2F
1-2: Ball
2-2: Ground out 3-1 (Groundball, 34S)
Top of the 5th over - 0 run(s), 1 hit(s), 0 error(s), 2 left on base; Jersey Shore 6 - San Francisco 2
BOTTOM OF THE 5TH
San Francisco Bandits batting - Pitching for Jersey Shore D-Bags : RHP José Ramos
Batting: RHB Javier Ramírez 0-0: Ball
1-0: Ground out 6-3 (Groundball, 6)
Batting: LHB Jerry Bryan 0-0: SINGLE (Groundball, 56D)
Batting: RHB Cory Foster 0-0: Ball
1-0: Called Strike
1-1: Ball
2-1: Foul Ball, location: 2F
2-2: Foul Ball, location: 2F
2-2: Fly out, F8 (Line Drive, 8LD)
Batting: RHB Naomichi Aoki 0-0: Foul Ball, location: 2F
0-1: Ball
1-1: Foul Ball, location: 2F
1-2: Ball
2-2: Strikes out looking
Bottom of the 5th over - 0 run(s), 1 hit(s), 0 error(s), 1 left on base; Jersey Shore 6 - San Francisco 2
TOP OF THE 6TH
Jersey Shore D-Bags batting - Pitching for San Francisco Bandits : RHP Alfonso Martínez
Batting: RHB Ricardo González 0-0: Foul Ball, location: 2F
0-1: Ball
1-1: Called Strike
1-2: Foul Ball, location: 2F
1-2: Ball
2-2: Ground out 6-3 (Groundball, 56)
Batting: RHB Millard Boyd 0-0: Called Strike
0-1: Ball
1-1: Foul Ball, location: 2F
1-2: Foul Ball, location: 2F
1-2: Foul Ball, location: 2F
1-2: Reached on error, E8 (Flyball, 8LM)
Batting: LHB Dave Dodd 0-0: Ball
1-0: Ball
2-0: Ball
3-0: Base on Balls
Millard Boyd to second
Batting: RHB Miguel Serna 0-0: Called Strike
0-1: Ball
1-1: Ball
2-1: Fly out, F8 (Line Drive, 8RD)
Runner from 2nd tags up, SAFE at 3rd, no throw
Batting: RHB Alfredo Rivera 0-0: Ball
1-0: Called Strike
1-1: Ball
2-1: Fly out, F7 (Flyball, 7)
Top of the 6th over - 0 run(s), 0 hit(s), 1 error(s), 2 left on base; Jersey Shore 6 - San Francisco 2
BOTTOM OF THE 6TH
San Francisco Bandits batting - Pitching for Jersey Shore D-Bags : RHP José Ramos
Batting: LHB Jack Hewat 0-0: Called Strike
0-1: Ball
1-1: SINGLE (Groundball, 6MD)
Batting: LHB Mel Jones 0-0: Ball
1-0: Grounds into double play, 6-4-3 (Groundball, 56)
Batting: RHB Gustavo Ortíz 0-0: Ball
1-0: Ball
2-0: SINGLE (Line Drive, 3D)
Batting: RHB José Sánchez 0-0: Called Strike
0-1: Fly out, F8 (Flyball, 8RM)
Bottom of the 6th over - 0 run(s), 2 hit(s), 0 error(s), 1 left on base; Jersey Shore 6 - San Francisco 2
TOP OF THE 7TH
Jersey Shore D-Bags batting - Pitching for San Francisco Bandits : RHP Alfonso Martínez
Batting: RHB Luis Ríos 0-0: Foul Ball, location: 2F
0-1: Ball
1-1: Ball
2-1: SINGLE (Line Drive, 56)
Pitching: RHP Mal Park
Batting: LHB Robert Phillips 0-0: Bunted foul
0-1: Sac Bunt - play at first, batter OUT! 3-4
Luis Ríos to second
Batting: LHB Albert Morgan 0-0: Foul Ball, location: 2F
0-1: Called Strike
0-2: Ground out U3 (Groundball, 3S)
Luis Ríos to third
Batting: RHB Cy Keynes 0-0: Ground out 5-3 (Groundball, 5)
Top of the 7th over - 0 run(s), 1 hit(s), 0 error(s), 1 left on base; Jersey Shore 6 - San Francisco 2
BOTTOM OF THE 7TH
San Francisco Bandits batting - Pitching for Jersey Shore D-Bags : RHP José Ramos
Batting: RHB Ángel Hernández 0-0: Ball
1-0: Foul Ball, location: 2F
1-1: Ball
2-1: Ground out 2-3 (Groundball, 2L)
Batting: RHB Javier Ramírez 0-0: Called Strike
0-1: Ball
1-1: Fly out, F3 (Popup, 3D)
Batting: LHB Jerry Bryan 0-0: Ground out 3-1 (Groundball, 34)
Bottom of the 7th over - 0 run(s), 0 hit(s), 0 error(s), 0 left on base; Jersey Shore 6 - San Francisco 2
TOP OF THE 8TH
Jersey Shore D-Bags batting - Pitching for San Francisco Bandits : RHP Mal Park
Batting: RHB Ricardo González 0-0: Ball
1-0: Foul Ball, location: 2F
1-1: Ground out 6-3 (Groundball, 56)
Batting: RHB Millard Boyd 0-0: DOUBLE (Line Drive, 7LM)
Batting: LHB Dave Dodd 0-0: Intentional Walk
Batting: RHB Miguel Serna 0-0: Ball
1-0: Ball
2-0: Called Strike
2-1: Ball
3-1: Foul Ball, location: 2F
3-2: Foul Ball, location: 2F
3-2: Base on Balls
Millard Boyd to third
Dave Dodd to second
Batting: RHB Alfredo Rivera 0-0: Ball
1-0: Called Strike
1-1: Ball
2-1: Called Strike
2-2: Ball
3-2: Strikes out swinging
Batting: RHB Luis Ríos 0-0: Ball
1-0: Called Strike
1-1: Ball
2-1: Ball
3-1: Base on Balls
Millard Boyd scores
Dave Dodd to third
Miguel Serna to second
Batting: LHB Robert Phillips 0-0: Ball
1-0: Foul Ball, location: 2F
1-1: Foul Ball, location: 2F
1-2: Fielders Choice at 2nd, 4-6 (Groundball, 4)
Top of the 8th over - 1 run(s), 1 hit(s), 0 error(s), 2 left on base; Jersey Shore 7 - San Francisco 2
BOTTOM OF THE 8TH
San Francisco Bandits batting - Pitching for Jersey Shore D-Bags : RHP José Ramos
Now at 1B: Derek Ramsey
Batting: RHB Cory Foster 0-0: Swinging Strike
0-1: DOUBLE (Line Drive, 9LM)
Batting: RHB Naomichi Aoki 0-0: Ball
1-0: Called Strike
1-1: Called Strike
1-2: Fly out, F6 (Line Drive, 6M)
Batting: LHB Jack Hewat 0-0: Called Strike
0-1: Called Strike
0-2: Ball
1-2: Foul Ball, location: 2F
1-2: Ball
2-2: Foul Ball, location: 2F
2-2: Strikes out swinging
Batting: LHB Mel Jones 0-0: Foul Ball, location: 2F
0-1: Called Strike
0-2: Ball
1-2: SINGLE (Flyball, 8LS)
Cory Foster to third
Runner from 3rd tries for Home, SAFE, no throw
Batting: RHB Gustavo Ortíz 0-0: Called Strike
0-1: Ball
1-1: Ball
2-1: Foul Ball, location: 2F
2-2: Ball
3-2: Strikes out swinging
Bottom of the 8th over - 1 run(s), 2 hit(s), 0 error(s), 1 left on base; Jersey Shore 7 - San Francisco 3
TOP OF THE 9TH
Jersey Shore D-Bags batting - Pitching for San Francisco Bandits : RHP Mal Park
Pitching: RHP Carlos Ledezma
Batting: LHB Albert Morgan 0-0: Ball
1-0: Called Strike
1-1: SINGLE (Groundball, 4MD)
Batting: RHB Cy Keynes 0-0: Ball
1-0: SINGLE (Line Drive, 56)
Albert Morgan to second
Batting: RHB Ricardo González 0-0: Sac Bunt - play at first, batter OUT! 1-3
Albert Morgan to third
Cy Keynes to second
Batting: RHB Millard Boyd 0-0: Called Strike
0-1: Fly out, F5 (Line Drive, 56S)
Batting: LHB Dave Dodd 0-0: Ball
1-0: Foul Ball, location: 2F
1-1: Ball
2-1: Swinging Strike
2-2: Fly out, F7 (Line Drive, 7)
Top of the 9th over - 0 run(s), 2 hit(s), 0 error(s), 2 left on base; Jersey Shore 7 - San Francisco 3
BOTTOM OF THE 9TH
San Francisco Bandits batting - Pitching for Jersey Shore D-Bags : RHP José Ramos
Batting: RHB José Sánchez 0-0: Fly out, F9 (Flyball, 9S)
Batting: RHB Ángel Hernández 0-0: Ball
1-0: Ball
2-0: Called Strike
2-1: Ground out 4-3 (Groundball, 4M)
Batting: RHB Javier Ramírez 0-0: Ball
1-0: Foul Ball, location: 2F
1-1: Fly out, F9 (Flyball, 9D)
Bottom of the 9th over - 0 run(s), 0 hit(s), 0 error(s), 0 left on base; Jersey Shore 7 - San Francisco 3
Thursday, March 30th, 2017 - OOTP Baseball 17.12 Build 75